 Dungeon Crawl Stone Soup version 0.26.1-10-gdfb7c7de75 (webtiles) character file.

Game seed: 17544213417879328313

65 Chiseanne the Magician (level 3, -2/24 HPs)
             Began as a Demonspawn Hedge Wizard on Apr 7, 2021.
             Splashed by Ijyb's acid (9 damage)
             ... on level 3 of the Dungeon.
             The game lasted 00:03:50 (3791 turns).

Chiseanne the Magician (Demonspawn Hedge Wizard)    Turns: 3791, Time: 00:03:51

Health: -2/24      AC:  3    Str: 10    XL:     3   Next: 94%
Magic:  14/17      EV: 12    Int: 16    God:
Gold:   82         SH:  5    Dex: 12    Spells: 8/9 levels left

rFire    + . .     SeeInvis .   a - +3 dagger (venom)
rCold    . . .     Faith    .   (no shield)
rNeg     . . .     Spirit   .   b - +1 robe
rPois    .         Reflect  +   c - +0 hat
rElec    .         Harm     .   (no cloak)
rCorr    .         Rampage  .   (no gloves)
Will     .....                  (no boots)
Stlth    ++........             s - amulet of reflection
HPRegen  0.08/turn              g - ring of magical power
MPRegen  0.15/turn              (no ring)

@: no status effects
A: fire resistance 1
a: no special abilities


You were on level 3 of the Dungeon.
You visited 1 branch of the dungeon, and saw 3 of its levels.

You collected 82 gold pieces.

Inventory:

Hand Weapons
 a - a +3 dagger of venom (weapon)
Missiles
 e - 49 sling bullets
 j - 12 bolts
 p - 30 arrows
 q - 53 stones
Armour
 b - a +1 robe (worn)
 c - a +0 hat (worn)
Jewellery
 g - a ring of magical power (left hand)
 s - an amulet of reflection (around neck)
Scrolls
 f - 2 scrolls of enchant armour
 k - 3 scrolls of identify
 n - a scroll of teleportation
 o - 2 scrolls of immolation
Potions
 l - a potion of curing
 m - a potion of brilliance {unknown}
 r - 2 potions of heal wounds {unknown}


   Skills:
 - Level 1.7 Dodging
 - Level 1.7 Stealth
 * Level 3.9 Spellcasting
 * Level 2.7 Conjurations
 - Level 1.0 Summonings
 - Level 0.8 Translocations


You had 8 spell levels left.
You knew the following spells:

 Your Spells              Type           Power        Failure   Level
a - Magic Dart            Conj           48%          5%          1

Your spell library contained the following spells:

 Spells                   Type           Power        Failure   Level
 Call Imp                 Summ           6%           17%         2
 Blink                    Tloc           N/A          19%         2
 Slow                     Hex            3%           26%         2
 Conjure Flame            Conj/Fire      7%           28%         3
 Mephitic Cloud           Conj/Pois/Air  6%           34%         3


Dungeon Overview and Level Annotations

Branches:
Dungeon (3/15)

Altars:
Okawaru
Uskayaw

Annotations:
D:3 Ijyb


Innate Abilities, Weirdness & Mutations

Your flesh is heat resistant. (rF+)


Message History

Aiming: Magic Dart (safe; 5% risk of failure)
Press: ? - help, Shift-Dir - straight line, f/p - Ijyb
Aim: Ijyb, wielding a +0 dagger, wearing a +3 leather armour and carrying a wand of acid (9) (lightly wounded, 0% to evade)
The magic dart hits Ijyb but does no damage.
Ijyb is lightly wounded.
Casting: Magic Dart (safe; 5% risk of failure)
Confirm with . or Enter, or press ? or * to list all spells.
Aiming: Magic Dart (safe; 5% risk of failure)
Press: ? - help, Shift-Dir - straight line, f/p - Ijyb
Aim: Ijyb, wielding a +0 dagger, wearing a +3 leather armour and carrying a wand of acid (9) (lightly wounded, 0% to evade)
The magic dart hits Ijyb but does no damage.
Ijyb is lightly wounded.
You aren't carrying any items that you can evoke.
Unknown command.
There is a stone staircase leading up here.
Ijyb zaps a wand.
The bolt of acid hits you!
Ouch! That really hurt!
* * * LOW HITPOINT WARNING * * *
You are splashed with acid!
You die...

. ##...#. ..
.......... ... ##....
.... .... .... .....
#.... #.. ...
....?...#.###.# ###.#
#.g.....# .....
#.......# ###...
#....@.##
.....................
......#####.#.####...
............#... .
.#.....<....#...
............#....
####..........#.#
..._............#
#.......#.......


You could see Ijyb.

Vanquished Creatures
  An ooze (D:1)
  5 dart slugs (D:1)
  2 leopard geckos
  6 bats
  2 giant cockroaches
  6 goblins
  5 hobgoblins (D:1)
  A ball python (D:1)
  2 frilled lizards
  9 kobolds
  9 rats
48 creatures vanquished.

Notes
Turn   | Place    | Note
-------+----------+-------------------------------------------
     0 | D:1      | Chiseanne the Demonspawn Hedge Wizard began the quest for
                  | the Orb.
     0 | D:1      | Reached XP level 1. HP: 13/13 MP: 4/4
   607 | D:1      | Gained mutation: Your flesh is heat resistant. (rF+)
                  | [demonic ancestry]
   607 | D:1      | Reached XP level 2. HP: 19/19 MP: 0/6
  1549 | D:1      | Reached XP level 3. HP: 24/24 MP: 6/8
  3431 | D:2      | You fall into a shaft and drop 1 floor!
  3440 | D:3      | Found an iron altar of Okawaru.
  3509 | D:2      | Found a hide-covered altar of Uskayaw.
  3784 | D:3      | Noticed Ijyb
  3791 | D:3      | Splashed by Ijyb's acid

Illustrated notes

Levels and vault maps discovered:
D:1:      saegor_arrival_simple_d, layout_basic
D:2:      layout_basic, lemuel_doored_altar, hangedman_decor_riveting
D:3:      layout_basic, overflow_temple_1_default, tgw_trog, uniq_terence,
          uniq_ijyb

Skill      XL: |  1  2 |
---------------+-------+-----
Conjurations   | 2 |  2.7
Dodging        | |  1.7
Stealth        | |  1.7
Spellcasting   | |  3.9
Summonings     | |  1.0
Translocations | |  0.8

Action                   || total
-------------------------++-------
Melee: Dagger            ||    18
       Short sword       ||    13
 Cast: Magic Dart        ||   110
  Use: Scroll            ||     9
 Stab: Sleeping          ||     1
Armor: Robe              ||     5
Dodge: Dodged            ||    25
